Workbook

Sheet Alumnos
A1: nombre | B1: telefono | C1: email | D1: saldo | E1: estatus | F1: alumno | G1: clase | H1: modalidad | I1: precio | J1: fecha_de_inicio | K1: clases_tomadas | L1: cargado | M1: pagado | N1: clases_pagadas
A2: Lucía Herrera | B2: +52 55 0000 0111 | C2: lucia@ejemplo.com | D2: =IF(F2="","",MAX(0,N(L2)-N(M2))) | E2: activo | F2: Valeria Herrera | G2: Inglés niños | H2: mensualidad | I2: 900 | J2: 46237 | L2: =IF(F2="","",IF(H2="por sesión",N(I2)*N(K2),IF(J2="",0,N(I2)*MAX(0,(YEAR(Ajustes!$B$1)-YEAR(J2))*12+MONTH(Ajustes!$B$1)-MONTH(J2)+IF(DAY(Ajustes!$B$1)>=DAY(J2),1,0))))) | M2: =IF(F2="","",SUMIF(Pagos!$B$2:$B$2000,F2,Pagos!$C$2:$C$2000)) | N2: =IF(OR(F2="",H2<>"por sesión",N(I2)=0),"",INT(M2/I2))
A3: Jorge Treviño | B3: +52 55 0000 0112 | D3: =IF(F3="","",MAX(0,N(L3)-N(M3))) | E3: vencido | F3: Mateo Treviño | G3: Guitarra | H3: por sesión | I3: 250 | J3: 46266 | K3: 6 | L3: =IF(F3="","",IF(H3="por sesión",N(I3)*N(K3),IF(J3="",0,N(I3)*MAX(0,(YEAR(Ajustes!$B$1)-YEAR(J3))*12+MONTH(Ajustes!$B$1)-MONTH(J3)+IF(DAY(Ajustes!$B$1)>=DAY(J3),1,0))))) | M3: =IF(F3="","",SUMIF(Pagos!$B$2:$B$2000,F3,Pagos!$C$2:$C$2000)) | N3: =IF(OR(F3="",H3<>"por sesión",N(I3)=0),"",INT(M3/I3))
A4: Claudia Ruiz | B4: +52 55 0000 0113 | D4: =IF(F4="","",MAX(0,N(L4)-N(M4))) | E4: activo | F4: Regina Ruiz | G4: Taller de robótica | H4: mensualidad | I4: 1200 | J4: 46280 | L4: =IF(F4="","",IF(H4="por sesión",N(I4)*N(K4),IF(J4="",0,N(I4)*MAX(0,(YEAR(Ajustes!$B$1)-YEAR(J4))*12+MONTH(Ajustes!$B$1)-MONTH(J4)+IF(DAY(Ajustes!$B$1)>=DAY(J4),1,0))))) | M4: =IF(F4="","",SUMIF(Pagos!$B$2:$B$2000,F4,Pagos!$C$2:$C$2000)) | N4: =IF(OR(F4="",H4<>"por sesión",N(I4)=0),"",INT(M4/I4))
D5: =IF(F5="","",MAX(0,N(L5)-N(M5))) | L5: =IF(F5="","",IF(H5="por sesión",N(I5)*N(K5),IF(J5="",0,N(I5)*MAX(0,(YEAR(Ajustes!$B$1)-YEAR(J5))*12+MONTH(Ajustes!$B$1)-MONTH(J5)+IF(DAY(Ajustes!$B$1)>=DAY(J5),1,0))))) | M5: =IF(F5="","",SUMIF(Pagos!$B$2:$B$2000,F5,Pagos!$C$2:$C$2000)) | N5: =IF(OR(F5="",H5<>"por sesión",N(I5)=0),"",INT(M5/I5))
D6: =IF(F6="","",MAX(0,N(L6)-N(M6))) | L6: =IF(F6="","",IF(H6="por sesión",N(I6)*N(K6),IF(J6="",0,N(I6)*MAX(0,(YEAR(Ajustes!$B$1)-YEAR(J6))*12+MONTH(Ajustes!$B$1)-MONTH(J6)+IF(DAY(Ajustes!$B$1)>=DAY(J6),1,0))))) | M6: =IF(F6="","",SUMIF(Pagos!$B$2:$B$2000,F6,Pagos!$C$2:$C$2000)) | N6: =IF(OR(F6="",H6<>"por sesión",N(I6)=0),"",INT(M6/I6))
D7: =IF(F7="","",MAX(0,N(L7)-N(M7))) | L7: =IF(F7="","",IF(H7="por sesión",N(I7)*N(K7),IF(J7="",0,N(I7)*MAX(0,(YEAR(Ajustes!$B$1)-YEAR(J7))*12+MONTH(Ajustes!$B$1)-MONTH(J7)+IF(DAY(Ajustes!$B$1)>=DAY(J7),1,0))))) | M7: =IF(F7="","",SUMIF(Pagos!$B$2:$B$2000,F7,Pagos!$C$2:$C$2000)) | N7: =IF(OR(F7="",H7<>"por sesión",N(I7)=0),"",INT(M7/I7))
D8: =IF(F8="","",MAX(0,N(L8)-N(M8))) | L8: =IF(F8="","",IF(H8="por sesión",N(I8)*N(K8),IF(J8="",0,N(I8)*MAX(0,(YEAR(Ajustes!$B$1)-YEAR(J8))*12+MONTH(Ajustes!$B$1)-MONTH(J8)+IF(DAY(Ajustes!$B$1)>=DAY(J8),1,0))))) | M8: =IF(F8="","",SUMIF(Pagos!$B$2:$B$2000,F8,Pagos!$C$2:$C$2000)) | N8: =IF(OR(F8="",H8<>"por sesión",N(I8)=0),"",INT(M8/I8))
D9: =IF(F9="","",MAX(0,N(L9)-N(M9))) | L9: =IF(F9="","",IF(H9="por sesión",N(I9)*N(K9),IF(J9="",0,N(I9)*MAX(0,(YEAR(Ajustes!$B$1)-YEAR(J9))*12+MONTH(Ajustes!$B$1)-MONTH(J9)+IF(DAY(Ajustes!$B$1)>=DAY(J9),1,0))))) | M9: =IF(F9="","",SUMIF(Pagos!$B$2:$B$2000,F9,Pagos!$C$2:$C$2000)) | N9: =IF(OR(F9="",H9<>"por sesión",N(I9)=0),"",INT(M9/I9))
D10: =IF(F10="","",MAX(0,N(L10)-N(M10))) | L10: =IF(F10="","",IF(H10="por sesión",N(I10)*N(K10),IF(J10="",0,N(I10)*MAX(0,(YEAR(Ajustes!$B$1)-YEAR(J10))*12+MONTH(Ajustes!$B$1)-MONTH(J10)+IF(DAY(Ajustes!$B$1)>=DAY(J10),1,0))))) | M10: =IF(F10="","",SUMIF(Pagos!$B$2:$B$2000,F10,Pagos!$C$2:$C$2000)) | N10: =IF(OR(F10="",H10<>"por sesión",N(I10)=0),"",INT(M10/I10))
D11: =IF(F11="","",MAX(0,N(L11)-N(M11))) | L11: =IF(F11="","",IF(H11="por sesión",N(I11)*N(K11),IF(J11="",0,N(I11)*MAX(0,(YEAR(Ajustes!$B$1)-YEAR(J11))*12+MONTH(Ajustes!$B$1)-MONTH(J11)+IF(DAY(Ajustes!$B$1)>=DAY(J11),1,0))))) | M11: =IF(F11="","",SUMIF(Pagos!$B$2:$B$2000,F11,Pagos!$C$2:$C$2000)) | N11: =IF(OR(F11="",H11<>"por sesión",N(I11)=0),"",INT(M11/I11))
D12: =IF(F12="","",MAX(0,N(L12)-N(M12))) | L12: =IF(F12="","",IF(H12="por sesión",N(I12)*N(K12),IF(J12="",0,N(I12)*MAX(0,(YEAR(Ajustes!$B$1)-YEAR(J12))*12+MONTH(Ajustes!$B$1)-MONTH(J12)+IF(DAY(Ajustes!$B$1)>=DAY(J12),1,0))))) | M12: =IF(F12="","",SUMIF(Pagos!$B$2:$B$2000,F12,Pagos!$C$2:$C$2000)) | N12: =IF(OR(F12="",H12<>"por sesión",N(I12)=0),"",INT(M12/I12))
D13: =IF(F13="","",MAX(0,N(L13)-N(M13))) | L13: =IF(F13="","",IF(H13="por sesión",N(I13)*N(K13),IF(J13="",0,N(I13)*MAX(0,(YEAR(Ajustes!$B$1)-YEAR(J13))*12+MONTH(Ajustes!$B$1)-MONTH(J13)+IF(DAY(Ajustes!$B$1)>=DAY(J13),1,0))))) | M13: =IF(F13="","",SUMIF(Pagos!$B$2:$B$2000,F13,Pagos!$C$2:$C$2000)) | N13: =IF(OR(F13="",H13<>"por sesión",N(I13)=0),"",INT(M13/I13))
D14: =IF(F14="","",MAX(0,N(L14)-N(M14))) | L14: =IF(F14="","",IF(H14="por sesión",N(I14)*N(K14),IF(J14="",0,N(I14)*MAX(0,(YEAR(Ajustes!$B$1)-YEAR(J14))*12+MONTH(Ajustes!$B$1)-MONTH(J14)+IF(DAY(Ajustes!$B$1)>=DAY(J14),1,0))))) | M14: =IF(F14="","",SUMIF(Pagos!$B$2:$B$2000,F14,Pagos!$C$2:$C$2000)) | N14: =IF(OR(F14="",H14<>"por sesión",N(I14)=0),"",INT(M14/I14))
D15: =IF(F15="","",MAX(0,N(L15)-N(M15))) | L15: =IF(F15="","",IF(H15="por sesión",N(I15)*N(K15),IF(J15="",0,N(I15)*MAX(0,(YEAR(Ajustes!$B$1)-YEAR(J15))*12+MONTH(Ajustes!$B$1)-MONTH(J15)+IF(DAY(Ajustes!$B$1)>=DAY(J15),1,0))))) | M15: =IF(F15="","",SUMIF(Pagos!$B$2:$B$2000,F15,Pagos!$C$2:$C$2000)) | N15: =IF(OR(F15="",H15<>"por sesión",N(I15)=0),"",INT(M15/I15))
D16: =IF(F16="","",MAX(0,N(L16)-N(M16))) | L16: =IF(F16="","",IF(H16="por sesión",N(I16)*N(K16),IF(J16="",0,N(I16)*MAX(0,(YEAR(Ajustes!$B$1)-YEAR(J16))*12+MONTH(Ajustes!$B$1)-MONTH(J16)+IF(DAY(Ajustes!$B$1)>=DAY(J16),1,0))))) | M16: =IF(F16="","",SUMIF(Pagos!$B$2:$B$2000,F16,Pagos!$C$2:$C$2000)) | N16: =IF(OR(F16="",H16<>"por sesión",N(I16)=0),"",INT(M16/I16))
... D201: =IF(F201="","",MAX(0,N(L201)-N(M201))) | L201: =IF(F201="","",IF(H201="por sesión",N(I201)*N(K201),IF(J201="",0,N(I201)*MAX(0,(YEAR(Ajustes!$B$1)-YEAR(J201))*12+MONTH(Ajustes!$B$1)-MONTH(J201)+IF(DAY(Ajustes!$B$1)>=DAY(J201),1,0))))) | M201: =IF(F201="","",SUMIF(Pagos!$B$2:$B$2000,F201,Pagos!$C$2:$C$2000)) | N201: =IF(OR(F201="",H201<>"por sesión",N(I201)=0),"",INT(M201/I201))
A204: Totales | D204: =SUM(D2:D201) | L204: =SUM(L2:L201) | M204: =SUM(M2:M201)

Sheet Pagos
A1: fecha | B1: alumno | C1: monto | D1: forma_de_pago | E1: que_cubre
A2: 46237 | B2: Valeria Herrera | C2: 900 | D2: transferencia | E2: Agosto
A3: 46269 | B3: Valeria Herrera | C3: 900 | D3: transferencia | E3: Septiembre
A4: 46266 | B4: Mateo Treviño | C4: 500 | D4: efectivo | E4: Dos clases
A5: 46287 | B5: Mateo Treviño | C5: 500 | D5: efectivo | E5: Dos clases
A6: 46280 | B6: Regina Ruiz | C6: 1200 | D6: tarjeta | E6: Primer mes

Sheet Ajustes
A1: Fecha de corte | B1: =TODAY() | C1: Es hoy. Escribe otra fecha para revisar un corte pasado.

Sheet Cómo se usa
A1: Cómo se usa esta hoja
A3: Para academias, clases particulares, cursos y talleres: inglés, música, natación, regularización.
A4: Un renglón por alumno y por clase. Si un alumno toma dos clases, lleva dos renglones.
A6: Las cinco primeras columnas son de quien paga (la mamá, el papá o el propio alumno), porque a
A7: esa persona le llega el recordatorio. El alumno va en su propia columna.
A9: Modalidad: «mensualidad» cobra el precio cada mes desde la fecha de inicio, el mismo día de
A10: cada mes. «Por sesión» cobra el precio por cada clase tomada: anota las clases tomadas y la
A11: hoja dice cuántas lleva pagadas.
A13: Cada pago se anota una vez en la pestaña Pagos, con el nombre del alumno escrito igual. La hoja
A14: suma lo pagado de cada alumno y el saldo es lo cargado menos lo pagado.
A16: Se guarda la pestaña Alumnos como CSV y se sube a Makatea: el aviso sale antes de cada
A17: mensualidad y se detiene cuando registras el pago.
A19: Makatea recuerda, registra y comunica. No mueve dinero.
